 Dungeon Crawl Stone Soup version 0.25-a0-57-ga0c9b72eff (webtiles) character file.

Game seed: 15992050832302592991, levelgen mode: deterministic

445065 Goomheeoh the Warrior (level 24, -2/375 (394) HPs)
             Began as an Ogre Wizard on Oct 26, 2019.
             Was a High Priest of Okawaru.
             Slain by a guardian mummy
             ... wielding a +0 battleaxe
              (4 damage)
             ... on level 3 of the Crypt.
             The game lasted 04:14:28 (75962 turns).

Goomheeoh the Warrior (Ogre Wizard)                Turns: 75962, Time: 04:14:29

HP:   -2/375 (394)  AC: 35    Str: 33    XL:     24   Next: 18%
MP:   0/35          EV:  8    Int: 23    God:    Okawaru [*****.]
Gold: 1730          SH: 23    Dex:  9    Spells: 22/35 levels left

rFire    + . .     SeeInvis +   a - +3 broad axe (chop)
rCold    + + .     Gourm    .   z - +0 large shield {reflect}
rNeg     + + .     Faith    .   c - +4 gold dragon scales
rPois    +         Spirit   +   B - +2 hat of the Bear Spirit {Spirit, +Rage rN+ MR++}
rElec    .         Reflect  +   e - +2 cloak {+Inv}
rCorr    .         Harm     .   (gloves unavailable)
MR       +++++     Rnd*Rage +   (boots unavailable) Stlth ..........NoTele +
                                i - amulet of guardian spirit
HPRegen  0.72/turn              F - ring of see invisible
MPRegen  0.24/turn              C - ring of Megalomania {-Tele rC+ rN+ MR+}

@: berserking (expiring), lethally poisoned (-2 -> -7), heroism, slowed
A: large, unfitting armour, horns 2, agile 1, berserk 1, clever 2, high mp 1,
strong 1, tough skin 1, evolution 1, no potion heal 1
}: 2/15 runes: serpentine, barnacled
a: Heroism, Finesse, Renounce Religion, Evoke Berserk Rage, Evoke Invisibility


You were on level 3 of the Crypt.
You worshipped Okawaru.
Okawaru was extremely pleased with you.
You were very hungry.

You visited 9 branches of the dungeon, and saw 42 of its levels.
You visited the Abyss 1 time.
You also visited: Ice Cave.

You collected 4918 gold pieces.
You spent 3188 gold pieces at shops.

Inventory:

Hand Weapons
 a - a +3 broad axe of chopping (weapon)
Missiles
 f - 4 throwing nets
 t - 14 atropa-tipped darts
 w - 36 silver javelins (quivered)
 I - 7 javelins
 O - 12 curare-tipped darts
Armour
 c - +4 gold dragon scales (worn)
 e - a +2 cloak of invisibility (worn)
 l - a +2 cloak of magic resistance
 n - the +2 hat of Greed {rElec}
   (Okawaru gifted it to you on level 13 of the Dungeon)

   It insulates you from electricity.
 z - a +0 large shield of reflection (worn)
 B - the +2 hat of the Bear Spirit (worn) {Spirit, +Rage rN+ MR++}
   (You bought it in a shop on level 3 of the Vaults)

   It protects you from negative energy.
   It affects your resistance to hostile enchantments.
   It lets you go berserk.
Jewellery
 i - an amulet of guardian spirit (around neck)
 s - an uncursed ring of wizardry
 x - an uncursed ring of magical power
 y - a +3 ring of evasion
 A - an uncursed ring of protection from fire
 C - the ring of Megalomania (right hand) {-Tele rC+ rN+ MR+}
   (You found it in an ice cave)

   [ring of positive energy]

   It protects you from cold.
   It protects you from negative energy.
   It affects your resistance to hostile enchantments.
   It prevents most forms of teleportation.
 F - a ring of see invisible (left hand)
 K - an uncursed ring of protection from fire
Wands
 r - a wand of clouds (6)
 v - a wand of digging (8)
 N - a wand of acid (6)
 Z - a wand of iceblast (43)
Scrolls
 g - 10 scrolls of fog
 h - 26 scrolls of remove curse
 j - 6 scrolls of fear
 m - 16 scrolls of teleportation
 q - 11 scrolls of immolation
 H - 2 scrolls of silence
 L - 6 scrolls of magic mapping
 M - 5 scrolls of identify
 P - 2 scrolls of blinking
Potions
 b - 4 potions of heal wounds
 k - 4 potions of haste
 o - 2 potions of cancellation
 p - 14 potions of curing
 u - a potion of magic
 D - 2 potions of resistance
 G - 3 potions of brilliance
 Q - a potion of berserk rage
 T - 5 potions of mutation
 U - 3 potions of might
 V - 2 potions of invisibility
 X - a potion of ambrosia
 Y - 8 potions of flight
Miscellaneous
 E - 4 phantom mirrors
 J - a lamp of fire
Comestibles
 d - 42 rations


   Skills:
 + Level 19.7(24.7) Fighting
 - Level 17.3(23.0) Axes
   Level 8.2(18.2) Maces & Flails
 - Level 16.0(21.0) Throwing
 + Level 18.1(23.1) Armour
 - Level 1.7(6.7) Dodging
 - Level 1.4(6.4) Stealth
 - Level 13.0(18.0) Shields
 - Level 6.2 Spellcasting
 - Level 6.6 Conjurations
 - Level 8.3 Charms
 - Level 2.0 Summonings
 - Level 2.0 Translocations
 - Level 4.3 Fire Magic
 - Level 1.7 Air Magic
 - Level 1.1 Poison Magic
 * Level 7.1 Invocations
 - Level 5.0 Evocations


You had 22 spell levels left.
You knew the following spells:

 Your Spells              Type           Power        Failure   Level  Hunger
a - Magic Dart            Conj           ####         3%          1    None
b - Blink                 Tloc           N/A          34%         2    None
c - Call Imp              Summ           ###.....     34%         2    None
d - Conjure Flame         Conj/Fire      ####....     17%         3    #......
e - Mephitic Cloud        Conj/Pois/Air  ###.....     41%         3    #......
f - Song of Slaying       Chrm           #####...     2%          2    None

Your spell library contained the following spells:

 Spells                   Type           Power        Failure   Level  Hunger
 Flame Tongue             Conj/Fire      ####.        5%          1    None
 Shock                    Conj/Air       ####         10%         1    None
 Shroud of Golubria       Chrm/Tloc      ####..       10%         2    None
 Throw Frost              Conj/Ice       ###...       21%         2    None
 Apportation              Tloc           ###...       22%         1    None
 Summon Butterflies       Summ           ###.....     22%         1    None
 Summon Small Mammal      Summ           ###.         22%         1    None
 Ozocubu's Armour         Chrm/Ice       ####....     28%         3    #......
 Regeneration             Chrm/Necr      ####......   28%         3    #......
 Static Discharge         Conj/Air       ####....     28%         3    #......
 Dazzling Spray           Conj/Hex       ###...       38%         3    #......
 Stone Arrow              Conj/Erth      ###...       38%         3    #......
 Animate Skeleton         Necr           N/A          47%         1    None
 Corona                   Hex            #......      47%         1    None
 Freeze                   Ice            #...         47%         1    None
 Pain                     Necr           #...         47%         1    None
 Inner Flame              Hex/Fire       ###.....     54%         3    #......
 Call Canine Familiar     Summ           ###.....     56%         3    #......
 Lesser Beckoning         Tloc           ###.......   56%         3    #......
 Recall                   Summ/Tloc      N/A          56%         3    #......
 Iskenderun's Battlesphe  Conj/Chrm      #####...     56%         5    #####..
 Ignite Poison            Fire/Tmut/Pois ###.....     58%         3    #......
 Ensorcelled Hibernation  Hex/Ice        #.....       63%         2    None
 Slow                     Hex            #.......     63%         2    None
 Sublimation of Blood     Necr           #.........   63%         2    None
 Portal Projectile        Hex/Tloc       ##....       71%         3    #......
 Summon Guardian Golem    Hex/Summ       ##......     71%         3    #......
 Spider Form              Tmut/Pois      #.........   77%         3    #......
 Throw Icicle             Conj/Ice       ###.....     80%         4    ###....
 Confuse                  Hex            #.......     85%         3    #......
 Tukima's Dance           Hex            #.......     85%         3    #......
 Vampiric Draining        Necr           #.........   85%         3    #......
 Summon Lightning Spire   Summ/Air       ###.....     94%         4    ###....
 Lightning Bolt           Conj/Air       ####......   95%         5    #####..
 Venom Bolt               Conj/Pois      ####......   96%         5    #####..
 Bolt of Magma            Conj/Fire/Erth ###.......   97%         5    #####..
 Summon Ice Beast         Ice/Summ       ##......     98%         4    ###....
 Irradiate                Conj/Tmut      ###.......   98%         5    #####..
 Animate Dead             Necr           N/A          99%         4    ###....
 Cause Fear               Hex            #.........   99%         4    ###....
 Leda's Liquefaction      Hex/Erth       #.........   99%         4    ###....
 Petrify                  Tmut/Erth      #.......     99%         4    ###....
 Aura of Abjuration       Summ           ###.......   99%         5    #####..
 Agony                    Necr           #.......     100%        5    #####..
 Alistair's Intoxication  Tmut/Pois      #.......     100%        5    #####..
 Borgnjor's Vile Clutch   Necr/Erth      #.........   100%        5    #####..
 Conjure Ball Lightning   Conj/Air       ####......   100%        6    ######.
 Death Channel            Necr           #.........   100%        6    ######.
 Invisibility             Hex            #.......     100%        6    ######.
 Iron Shot                Conj/Erth      ###.......   100%        6    ######.
 Simulacrum               Ice/Necr       #.........   100%        6    ######.
 Orb of Destruction       Conj           #####.....   100%        7    #######
 Spellforged Servitor     Conj/Summ      ####......   100%        7    #######
 Ignition                 Fire           ####......   100%        8    #######
 Shatter                  Erth           #.........   100%        9    #######
 Tornado                  Air            ###.......   100%        9    #######


Dungeon Overview and Level Annotations

Branches:
Dungeon (15/15)            Temple (1/1) D:6            Lair (6/6) D:10
 Shoals (4/4) Lair:2        Snake (4/4) Lair:2        Slime (0/5) Lair:6
    Orc (2/2) D:11            Elf (3/3) Orc:2        Vaults (4/5) D:13
  Crypt (3/3) Vaults:2     Depths (0/5) D:15          IceCv (visited)
   Tomb: Crypt:3

Altars:
Ashenzari
Cheibriados
Dithmenos
Elyvilon
Gozag
Kikubaaqudgha
Makhleb
Nemelex Xobeh
Okawaru
Qazlal
Ru
Sif Muna
Trog
Uskayaw
Vehumet
Xom
Yredelemnul
Zin
The Shining One
Beogh
Jiyva

Shops:
Orc:2 ([:*   Elf:1 %   Shoals:1 !   Snake:2 (   Vaults:3 ?[(

Annotations:
D:3 exclusion: downstairs
D:4 exclusion: door
D:8 exclusion: downstairs
D:9 3 runed translucent doors, Mgcat's ghost, journeyman GnTm
D:14 exclusions: downstairs and orange crystal statue
Lair:5 1 runed translucent door, Cofemuv's ghost, journeyman NaFi
Snake:1 exclusion: downstairs
Crypt:3 1 runed translucent door, Funu's ghost, adept GrFi


Innate Abilities, Weirdness & Mutations

You are too large for most types of armour.
You have tough skin. (AC +1)
You have a pair of horns on your head.
You are agile. (Dex +2)
You tend to lose your temper in combat.
Your mind is very acute. (Int +4)
You have an increased reservoir of magic. (+10% MP)
Your muscles are strong. (Str +2)
You evolve.
Potions are less effective at restoring your health.


Message History

You feel your flesh rotting away!
* * * LOW HITPOINT WARNING * * *
You feel sick.
The death scarab disappears in a puff of smoke!
The guardian mummy hits you but does no damage.
You hit the guardian mummy.
The guardian mummy is heavily damaged.
Your gold dragon scales prevents you from hitting the death scarab.
You cut the death scarab into ribbons!!!
You destroy the death scarab!
The death scarab's corpse disappears in a puff of smoke!
* * * LOW HITPOINT WARNING * * *
You feel sick. You block the death scarab's attack.
You closely miss the guardian mummy.
The guardian mummy is heavily damaged.
You hit the death scarab.
* * * LOW HITPOINT WARNING * * *
You feel sick. You block the death scarab's attack.
The guardian mummy hits you with a +0 battleaxe!
You die...

.# .#### ...... ......
....... ....... .
######################....
................ss.M§.....
.....†...(....(M@#○8......
............(....#...M....
###.......########.8°.....
##.....## #...°....
#.....# #.8..8...
##)....## #........
###.)[....##### #.8.8....
....)..........
...............


You could see a greater mummy, a guardian mummy and 2 death scarabs.

Vanquished Creatures
  An ancient lich (Crypt:3)
  Khufu (Crypt:3)
  Mennas (Vaults:3)
  2 greater mummies (Crypt:3)
  Saint Roka (Crypt:3)
  Nikola (Elf:2)
  Jory (Vaults:3)
  A golden dragon (Vaults:1)
  Jorgrun (Orc:1)
  Rupert (D:15)
  2 liches
  2 deep elf blademasters
  A kraken (Shoals:4)
  5 ancient champions
  A sphinx (Vaults:4)
  2 tentacled starspawn (Abyss:2)
  Polyphemus (Shoals:2)
  An Executioner (Abyss:2)
  A storm dragon (Vaults:4)
  11 nagarajas
  2 fire giants (Vaults:4)
  2 revenants (Crypt:1)
  A frost giant (Vaults:3)
  Aizul (Snake:1)
  9 deep elf sorcerers
  8 ghouls
  3 orc warlords
  9 vault wardens
  Louise (Snake:1)
  An emperor scorpion (D:15)
  A curse skull (Crypt:2)
  8 ironheart preservers
  2 deep elf elementalists (Elf:3)
  4 stone giants
  4 vampire knights
  5 very ugly things
  Nessos (D:15)
  An entropy weaver (shapeshifter) (Vaults:2)
  8 deep elf annihilators (Elf:3)
  10 deep elf demonologists (Elf:3)
  Azrael (D:12)
  A dire elephant (D:15)
  The ghost of Dykich the Transmogrifier, a journeyman OpTm of Gozag (Lair:6)
  2 ettins
  5 eidola
  3 mummy priests (Crypt:3)
  2 blizzard demons (IceCv)
  3 merfolk javelineers (Shoals:4)
  7 yaktaur captains
  6 deep elf death magi
  Erolcha (D:10)
  A death ooze (Lair:6)
  9 jiangshi
  10 merfolk impalers
  3 great orbs of eyes
  2 fire dragons (Vaults:2)
  9 hydras
  4 rakshasas
  14 vault guards
  A deep elf high priest (Elf:3)
  10 naga warriors
  5 death knights
  3 merfolk avatars
  7 anacondas
  25 two-headed ogres
  3 catoblepae
  9 ogre magi
  22 dancing weapons
  A deep troll shaman (Vaults:1)
  2 satyrs (Shoals:4)
  4 merfolk aquamancers (Shoals:4)
  8 centaur warriors
  8 naga sharpshooters
  2 orc high priests
  9 death yaks
  4 deep troll earth magi
  5 vampire magi
  A soul eater (Crypt:1)
  Nergalle (Orc:2)
  A titan skeleton (Crypt:1)
  3 wretched stars (Abyss:2)
  4 shock serpents
  7 shadow wraiths
  19 deep elf knights
  3 salamander mystics
  A sixfirhy (Abyss:2)
  2 spatial maelstroms (Abyss:2)
  39 skeletal warriors
  An unseen horror (shapeshifter) (Vaults:1)
  5 naga ritualists
  9 sea snakes
  A storm dragon skeleton (Crypt:3)
  9 deep trolls
  3 wizards
  8 deep elf archers
  4 flayed ghosts
  An unseen horror (D:15)
  An anaconda zombie (Crypt:1)
  8 phantasmal warriors
  A harpy (shapeshifter) (Vaults:3)
  10 ironbrand convokers
  2 wolf spiders
  3 necromancers
  7 harpies
  2 iron dragon zombies
  4 orc sorcerers
  20 orc knights
  14 salamanders
  4 oklob plants (Lair:6)
  48 deep elf magi
  10 mana vipers
  10 manticores
  8 fauns
  30 ugly things
  A salamander (shapeshifter) (Vaults:2)
  9 cyclopes
  2 black mambas (shapeshifter) (Vaults:1)
  11 vault sentinels
  A centaur zombie (D:15)
  3 guardian serpents
  Maurice (D:10)
  40 black mambas
  7 water nymphs
  An ice statue (IceCv)
  A guardian serpent (shapeshifter) (Vaults:1)
  10 merfolk sirens
  24 naga magi
  3 fire giant skeletons
  A gargoyle (D:9)
  2 smoke demons (Abyss:2)
  5 centaur skeletons
  8 spiny frogs
  2 titan simulacra
  5 komodo dragons
  A rime drake (Lair:2)
  2 torpor snails (Lair:6)
  A spiny frog (shapeshifter) (Vaults:1)
  A swamp worm zombie (Crypt:2)
  A komodo dragon (shapeshifter) (Vaults:3)
  21 guardian mummies (Crypt:3)
  32 yaktaurs
  2 kobold demonologists (D:13)
  10 freezing wraiths
  4 anaconda simulacra (IceCv)
  8 ice devils (IceCv)
  A sea snake skeleton (Crypt:2)
  An ancient zyme (Abyss:2)
  A harpy zombie (Crypt:2)
  2 golden dragon simulacra (IceCv)
  2 trolls (shapeshifter)
  3 meliai (D:14)
  28 merfolk
  10 hornets
  A meliai (shapeshifter) (Vaults:2)
  9 trolls
  4 wind drakes
  3 polar bears (Lair:6)
  A jumping spider zombie (Crypt:1)
  19 slime creatures
  A hippogriff (shapeshifter) (Vaults:4)
  5 bog bodies (Crypt:3)
  9 hippogriffs
  4 blink frogs (Lair:3)
  5 snapping turtles (Shoals:4)
  10 dream sheep
  A snapping turtle (shapeshifter) (Vaults:2)
  A flying skull (Abyss:2)
  An ettin zombie (Crypt:2)
  3 large abominations (Abyss:2)
  2 vampires
  A fire dragon skeleton (Crypt:2)
  9 water elementals
  Sigmund (D:4)
  14 spriggans (Lair:6)
  2 shadows
  2 air elementals
  5 starcursed masses (Abyss:2)
  19 wraiths
  A tarantella (shapeshifter) (Vaults:1)
  4 dire elephant simulacra
  A satyr skeleton (Crypt:3)
  2 ynoxinuls (Abyss:2)
  2 basilisks
  2 wyverns
  A basilisk (shapeshifter) (Vaults:1)
  53 yaks
  7 ushabtiu
  A fire elemental (D:12)
  3 hungry ghosts
  A human (D:7)
  3 hogs (D:7)
  A water nymph zombie (Crypt:1)
  9 wargs
  A death yak simulacrum (IceCv)
  An iron troll simulacrum (IceCv)
  4 spatial vortices (Abyss:2)
  A glowing shapeshifter zombie (Crypt:2)
  6 harpy simulacra (IceCv)
  2 acid dragons (D:15)
  60 nagas
  6 hell hounds (D:12)
  9 water moccasins
  Duvessa (D:6)
  8 porcupines
  A spiny frog zombie (Crypt:3)
  4 hydra simulacra (IceCv)
  54 orc warriors
  A hornet zombie (D:13)
  5 ice beasts
  A water nymph skeleton (Crypt:3)
  An alligator simulacrum (Crypt:3)
  4 sky beasts
  A fire dragon simulacrum (Abyss:2)
  2 ettin simulacra
  3 necrophages
  31 ogres
  4 black bears
  8 boggarts
  21 wolves
  15 centaurs
  13 crocodiles
  Blork the orc (D:6)
  7 big kobolds
  14 bullfrogs
  A wyvern zombie (D:7)
  A gnoll sergeant (D:11)
  2 earth elementals
  Dowan (D:6)
  A salamander skeleton (Crypt:2)
  6 small abominations
  A wyvern skeleton (D:10)
  2 scorpions
  A warg zombie (Crypt:2)
  A human simulacrum (Vaults:1)
  A shapeshifter zombie (Crypt:3)
  4 killer bees
  19 wights
  8 howler monkeys
  3 electric eels
  A spriggan skeleton (Crypt:2)
  8 crimson imps
  3 lava snakes (Snake:1)
  4 draconian simulacra (IceCv)
  2 quasits
  A wolf skeleton (Crypt:1)
  4 bullfrog skeletons
  An iron imp (Abyss:2)
  30 orc priests
  8 hounds
  A bullfrog zombie (D:7)
  A demonspawn skeleton (Crypt:3)
  9 jellies
  5 iguanas
  33 orc wizards
  3 hell rats (Lair:4)
  6 troll simulacra (IceCv)
  A polar bear simulacrum (IceCv)
  11 worker ants
  Terence (D:3)
  An acid dragon zombie (Crypt:1)
  2 centaur simulacra (IceCv)
  An ogre zombie (Crypt:3)
  A tengu skeleton (Crypt:3)
  A deep dwarf skeleton (Crypt:1)
  2 hound skeletons
  6 mummies (Crypt:3)
  2 howler monkey zombies
  A worker ant zombie (D:10)
  13 adders
  4 gnolls (D:11)
  9 river rats (Lair:4)
  A scorpion zombie (Crypt:3)
  4 naga simulacra (IceCv)
  A steam dragon skeleton (Crypt:2)
  A shadow imp (D:14)
  8 white imps
  3 ufetubi (IceCv)
  3 adder skeletons
  2 adder zombies
  A worm (D:2)
  5 dart slugs
  8 leopard geckos
  89 orcs
  8 bats
  3 giant cockroaches
  4 goblins
  9 hobgoblins
  4 jackals (D:7)
  40 kobolds
  4 quokkas
  5 ball pythons
  7 frilled lizards
  A giant cockroach zombie (D:5)
  A jackal skeleton (D:6)
  13 rats
  A rat skeleton (Crypt:1)
  5 crawling corpses (Elf:3)
  A fungus (Elf:1)
  5 plants
  2 starspawn tentacles (Abyss:2)
  4 tentacles (Shoals:4)
1887 creatures vanquished.

Vanquished Creatures (collateral kills)
  Donald (Shoals:1)
  Pikel (D:6)
  Menkaure (D:4)
  An adder (D:2)
  A worm (D:2)
  A goblin (D:2)
6 creatures vanquished.

Vanquished Creatures (others)
  A yaktaur captain (Vaults:4)
  A satyr (Shoals:4)
  3 deep elf magi (Elf:1)
  2 fauns (Shoals:4)
  2 yaktaurs (Vaults:4)
  A naga (Snake:3)
  2 slaves (D:6)
  A centaur (Shoals:4)
  A worker ant (D:6)
  An iguana (D:6)
  3 bushes
  8 fungi
  18 plants
  4 starspawn tentacles (Abyss:2)
  11 tentacles (Shoals:4)
59 creatures vanquished.

Grand Total: 1952 creatures vanquished

Notes
Turn   | Place    | Note
-------+----------+-------------------------------------------
     0 | D:1      | Goomheeoh the Ogre Wizard began the quest for the Orb.
     0 | D:1      | Reached XP level 1. HP: 16/16 MP: 5/5
   121 | D:1      | Reached skill level 1 in Conjurations
   224 | D:1      | Reached XP level 2. HP: 24/24 MP: 0/7
   233 | D:1      | Learned a level 2 spell: Blink
   236 | D:1      | Learned a level 2 spell: Call Imp
  1230 | D:1      | Reached XP level 3. HP: 23/32 MP: 5/8
  1651 | D:2      | Reached skill level 1 in Fighting
  1688 | D:2      | Reached skill level 1 in Summonings
  1688 | D:2      | Reached skill level 1 in Translocations
  1867 | D:2      | Learned a level 3 spell: Conjure Flame
  1950 | D:2      | Gained mutation: You tend to lose your temper in combat.
                  | [potion of mutation]
  1950 | D:2      | Gained mutation: Your movements are slightly less
                  | encumbered by armour. (ER -2) [potion of mutation]
  1965 | D:2      | Reached XP level 4. HP: 9/41 MP: 7/10
  2388 | D:2      | Lost mutation: Your movements are slightly less encumbered
                  | by armour. (ER -2) [potion of mutation]
  2388 | D:2      | Lost mutation: You tend to lose your temper in combat.
                  | [potion of mutation]
  2388 | D:2      | Gained mutation: You have supernaturally acute eyesight.
                  | (SInv) [potion of mutation]
  2388 | D:2      | Gained mutation: Your flesh is cold resistant. (rC+)
                  | [potion of mutation]
  2388 | D:2      | Gained mutation: You have a pair of small horns on your
                  | head. [potion of mutation]
  2388 | D:2      | Gained mutation: You evolve. [potion of mutation]
  2839 | D:2      | Found a shattered altar of Ashenzari.
  3227 | D:3      | Noticed Terence
  3238 | D:3      | Killed Terence
  3238 | D:3      | Reached skill level 2 in Fighting
  3238 | D:3      | Reached skill level 1 in Maces & Flails
  3242 | D:3      | Reached XP level 5. HP: 49/49 MP: 0/11
  4186 | D:4      | Reached skill level 1 in Throwing
  4208 | D:4      | Reached XP level 6. HP: 27/59 MP: 2/12
  4451 | D:4      | Reached skill level 3 in Fighting
  4578 | D:4      | Noticed Menkaure
  4605 | D:4      | Killed Menkaure
  4816 | D:4      | Reached skill level 1 in Fire Magic
  4925 | D:4      | Reached XP level 7. HP: 67/67 MP: 1/13
  5696 | D:4      | Learned a level 3 spell: Mephitic Cloud
  5727 | D:4      | Noticed Sigmund
  5758 | D:4      | Killed Sigmund
  5758 | D:4      | Reached skill level 4 in Fighting
  5896 | D:4      | Found a shadowy altar of Dithmenos.
  6074 | D:4      | Reached XP level 8. HP: 65/78 MP: 1/14
  6248 | D:4      | Found a glowing silver altar of Zin.
  6309 | D:5      | Entered Level 5 of the Dungeon
  6380 | D:5      | Reached skill level 1 in Air Magic
  6990 | D:5      | Reached skill level 5 in Conjurations
  6990 | D:5      | Reached skill level 1 in Poison Magic
  7296 | D:5      | Got a slimy robe
  7307 | D:5      | Identified the cursed +1 robe of Agaty {Str-4 Dex+8} (You
                  | found it on level 5 of the Dungeon)
  7554 | D:6      | Reached skill level 1 in Shields
  7883 | D:6      | Found a staircase to the Ecumenical Temple.
  7908 | Temple   | Entered the Ecumenical Temple
  8083 | Temple   | Became a worshipper of Warmaster Okawaru
  8115 | D:6      | Noticed Blork the orc
  8132 | D:6      | Noticed Pikel
  8135 | D:6      | Killed Blork the orc
  8152 | D:6      | Killed Pikel
  8152 | D:6      | Reached * piety under Okawaru
  8152 | D:6      | Reached skill level 5 in Fighting
  8152 | D:6      | Reached skill level 1 in Armour
  8152 | D:6      | Reached skill level 5 in Spellcasting
  8152 | D:6      | Reached XP level 9. HP: 88/88 MP: 6/17
  8494 | D:6      | Noticed Duvessa
  8494 | D:6      | Noticed Dowan
  8519 | D:6      | Killed Duvessa
  8544 | D:6      | Killed Dowan
  9253 | D:7      | Reached skill level 1 in Invocations
  9429 | D:7      | Reached ** piety under Okawaru
  9562 | D:7      | Reached skill level 6 in Fighting
  9980 | D:7      | Gained mutation: You are agile. (Dex +2) [evolution]
 10000 | D:7      | Reached XP level 10. HP: 98/98 MP: 19/19
 10935 | D:8      | Found a sparkling altar of Nemelex Xobeh.
 10965 | D:8      | Found a sacrificial altar of Ru.
 10965 | D:8      | Found a shimmering altar of Xom.
 10966 | D:8      | Found a snail-covered altar of Cheibriados.
 11198 | D:9      | Found a runed translucent gate.
 11198 | D:9      | Found a runed translucent gate.
 11198 | D:9      | Found a runed translucent gate.
 11263 | D:9      | Noticed a gargoyle
 11820 | D:9      | Paralysed by a hornet for 1 turns
 11832 | D:9      | Reached skill level 7 in Fighting
 11835 | D:9      | Reached *** piety under Okawaru
 12135 | D:9      | Noticed Mgcat's ghost (journeyman GnTm)
 12135 | D:9      | Noticed a spectral centaur warrior
 12149 | D:9      | Gained mutation: You are partially covered in molten
                  | scales. (AC +2) [evolution]
 12309 | D:9      | Killed a gargoyle
 12799 | D:9      | Found a burning altar of Makhleb.
 12842 | D:9      | Reached skill level 5 in Maces & Flails
 13016 | D:10     | Entered Level 10 of the Dungeon
 13145 | D:9      | Reached skill level 5 in Armour
 13473 | D:10     | Reached XP level 11. HP: 55/109 MP: 10/20
 13857 | D:10     | Noticed a centaur warrior
 13878 | D:10     | Killed a centaur warrior
 13878 | D:10     | Reached **** piety under Okawaru
 13916 | D:10     | Noticed Maurice
 13942 | D:10     | Killed Maurice
 14470 | D:10     | Reached ***** piety under Okawaru
 14480 | D:10     | Found a staircase to the Lair.
 14516 | D:10     | Noticed Erolcha
 14533 | D:10     | Killed Erolcha
 14653 | D:10     | Reached skill level 8 in Fighting
 15141 | D:10     | Gained mutation: Your muscles are strong. (Str +2)
                  | [evolution]
 15171 | D:10     | Received a gift from Okawaru
 16243 | D:11     | Noticed a five-headed hydra
 16260 | D:11     | Killed a five-headed hydra
 16260 | D:11     | Received a gift from Okawaru
 16260 | D:11     | Reached skill level 5 in Shields
 16260 | D:11     | Reached XP level 12. HP: 58/122 MP: 7/21
 17098 | D:11     | Found a staircase to the Orcish Mines.
 17099 | D:11     | Gained mutation: Potions are less effective at restoring
                  | your health. [evolution]
 17271 | D:12     | Noticed a two-headed ogre
 17291 | D:12     | Killed a two-headed ogre
 17291 | D:12     | Reached skill level 1 in Axes
 17424 | D:12     | Reached skill level 9 in Fighting
 17428 | D:12     | Identified the +1 robe of Light {rElec Str+2 Int+5} (You
                  | found it on level 12 of the Dungeon)
 17472 | D:12     | Received a gift from Okawaru
 18145 | D:12     | Reached skill level 5 in Invocations
 18239 | D:12     | Noticed Azrael
 18267 | D:12     | Killed Azrael
 18585 | D:12     | Noticed a two-headed ogre
 18599 | D:12     | Killed a two-headed ogre
 18856 | D:12     | Gained mutation: You have an increased reservoir of magic.
                  | (+10% MP) [evolution]
 18974 | D:13     | Reached skill level 5 in Throwing
 18983 | D:13     | Reached XP level 13. HP: 96/132 MP: 16/24
 19187 | D:13     | Found a gate to the Vaults.
 19437 | D:13     | Reached skill level 10 in Fighting
 19724 | D:13     | Received a gift from Okawaru
 20051 | D:13     | Reached skill level 5 in Axes
 21200 | D:13     | Received a gift from Okawaru
 21203 | D:13     | Got a translucent hat {god gift}
 21214 | D:13     | Identified the +2 hat of Greed {rElec} (Okawaru gifted it
                  | to you on level 13 of the Dungeon)
 23010 | D:14     | Found a sparkling altar of Nemelex Xobeh.
 23104 | D:15     | Entered Level 15 of the Dungeon
 23108 | D:15     | Noticed Rupert
 23126 | D:15     | Killed Rupert
 23359 | D:15     | Reached skill level 11 in Fighting
 23384 | D:15     | Reached XP level 14. HP: 103/146 MP: 22/25
 24463 | D:15     | Lost mutation: Your flesh is cold resistant. (rC+)
                  | [evolution]
 24639 | D:15     | Noticed Nessos
 24664 | D:15     | Killed Nessos
 24752 | D:15     | Found a staircase to the Depths.
 24752 | D:15     | Noticed a dire elephant
 24796 | D:15     | Killed a dire elephant
 25083 | D:15     | Noticed an emperor scorpion
 25119 | D:15     | Killed an emperor scorpion
 25128 | D:15     | Received a gift from Okawaru
 25731 | D:15     | Paralysed by a hornet for 2 turns
 25886 | Lair:1   | Entered Level 1 of the Lair of Beasts
 26983 | Lair:2   | Lost mutation: You are partially covered in molten scales.
                  | (AC +2) [evolution]
 27024 | Lair:2   | Found a staircase to the Snake Pit.
 27387 | Lair:2   | Found a staircase to the Shoals.
 28207 | Lair:3   | Received a gift from Okawaru
 28564 | Lair:4   | Reached skill level 10 in Shields
 28577 | Lair:4   | Got a brightly glowing granite ring
 28578 | Lair:4   | Identified the ring "Ifesyirr" {*Tele MR+} (You found it on
                  | level 4 of the Lair of Beasts)
 29841 | Lair:5   | Found a runed translucent door.
 29945 | Lair:5   | Noticed Cofemuv's ghost (journeyman NaFi)
 30095 | Lair:6   | Entered Level 6 of the Lair of Beasts
 30379 | Lair:6   | Found a runed translucent gate.
 30380 | Lair:6   | Found a runed translucent gate.
 30381 | Lair:6   | Found a runed translucent gate.
 30400 | Lair:6   | Found a viscous altar of Jiyva.
 30400 | Lair:6   | Noticed Dykich's ghost (journeyman OpTm)
 30459 | Lair:6   | Reached XP level 15. HP: 123/154 MP: 20/26
 32269 | Lair:6   | Received a gift from Okawaru
 32957 | Lair:6   | Found a staircase to the Slime Pits.
 33432 | Lair:6   | Received a gift from Okawaru
 33478 | Lair:6   | Killed Dykich's ghost
 33968 | Orc:1    | Entered Level 1 of the Orcish Mines
 33997 | Orc:1    | Reached skill level 10 in Armour
 34010 | Orc:1    | Noticed Jorgrun
 34023 | Orc:1    | Received a gift from Okawaru
 34035 | Orc:1    | Killed Jorgrun
 34035 | Orc:1    | Reached skill level 12 in Fighting
 34035 | Orc:1    | Reached skill level 10 in Axes
 34326 | Orc:1    | Found a bloodstained altar of Trog.
 34336 | Orc:1    | You fall into a shaft and drop 1 floor!
 34336 | Orc:2    | Entered Level 2 of the Orcish Mines
 34422 | Orc:2    | Noticed an orc warlord
 34424 | Orc:2    | Paralysed by an orc sorcerer for 7 turns
 34445 | Orc:2    | Killed an orc warlord
 34837 | Orc:2    | Found a staircase to the Elven Halls.
 35448 | Orc:2    | Reached XP level 16. HP: 132/165 MP: 20/27
 35916 | Orc:2    | Noticed Nergalle
 35919 | Orc:2    | Killed Nergalle
 36271 | Orc:2    | Found a roughly hewn altar of Beogh.
 36310 | Orc:2    | Found Zucwups's Antique Armour Emporium.
 36320 | Orc:2    | Found Impi's Antique Weapon Emporium.
 36378 | Orc:2    | Found Weph's Book Emporium.
 36400 | Orc:2    | Bought a glowing hat for 217 gold pieces
 36593 | Orc:2    | Found Koli's General Store.
 36600 | Orc:2    | Bought a scroll of magic mapping for 59 gold pieces
 36881 | Snake:1  | Entered Level 1 of the Snake Pit
 38126 | Snake:1  | Received a gift from Okawaru
 38546 | Snake:1  | Received a gift from Okawaru
 38934 | Snake:1  | Noticed Louise
 38961 | Snake:1  | Killed Louise
 38961 | Snake:1  | Received a gift from Okawaru
 39689 | Snake:1  | Reached skill level 10 in Throwing
 40008 | Snake:2  | Received a gift from Okawaru
 40239 | Snake:2  | Noticed a nagaraja
 40249 | Snake:2  | Killed a nagaraja
 40601 | Snake:2  | Noticed Aizul
 40655 | Snake:1  | Killed Aizul
 41243 | Snake:1  | Received a gift from Okawaru
 41852 | Snake:2  | Found Feiliaf's Antique Weapon Emporium.
 41861 | Snake:2  | Bought a runed hand axe for 192 gold pieces
 42032 | Snake:2  | You fall into a shaft and drop 1 floor!
 42087 | Snake:3  | Noticed a nagaraja
 42091 | Snake:3  | Received a gift from Okawaru
 42092 | Snake:3  | Reached XP level 17. HP: 169/175 MP: 19/28
 42103 | Snake:3  | Received a gift from Okawaru
 42168 | Snake:3  | Reached skill level 13 in Fighting
 42174 | Snake:3  | Received a gift from Okawaru
 43358 | Snake:4  | Entered Level 4 of the Snake Pit
 44335 | Snake:4  | Gained mutation: Your mind is acute. (Int +2) [evolution]
 44467 | Snake:4  | Received a gift from Okawaru
 45003 | Snake:4  | Received a gift from Okawaru
 45014 | Snake:4  | Got a fine demon whip {god gift}
 45014 | Snake:4  | Identified the +5 demon whip "Baostrebb" {drain, rPois
                  | Stlth+} (Okawaru gifted it to you on level 4 of the Snake
                  | Pit)
 45110 | Snake:4  | Reached ****** piety under Okawaru
 46266 | Snake:4  | Received a gift from Okawaru
 46484 | Snake:4  | Got a serpentine rune of Zot
 46781 | Vaults:1 | Entered Level 1 of the Vaults
 46818 | Vaults:1 | Reached XP level 18. HP: 188/188 MP: 30/30
 46949 | Vaults:1 | Received a gift from Okawaru
 47214 | Vaults:1 | Reached skill level 14 in Fighting
 47223 | Vaults:1 | Received a gift from Okawaru
 47882 | Vaults:1 | Noticed a golden dragon
 47884 | Vaults:1 | Paralysed by a great orb of eyes for 7 turns
 47911 | Vaults:1 | Killed a golden dragon
 48562 | Vaults:1 | Received a gift from Okawaru
 48620 | Vaults:1 | Lost mutation: You have supernaturally acute eyesight.
                  | (SInv) [evolution]
 48986 | Vaults:1 | Reached skill level 15 in Fighting
 48992 | Vaults:1 | Received a gift from Okawaru
 50012 | Vaults:2 | Reached XP level 19. HP: 192/201 MP: 28/31
 50310 | Vaults:2 | Received a gift from Okawaru
 50494 | Vaults:2 | Received a gift from Okawaru
 51043 | Vaults:2 | Reached skill level 16 in Fighting
 51228 | Vaults:2 | Found a staircase to the Crypt.
 51295 | Vaults:2 | Received a gift from Okawaru
 52343 | Vaults:3 | Noticed Jory
 52374 | Vaults:3 | Killed Jory
 52724 | Vaults:3 | Found Puargholo's Magic Scroll Emporium.
 53165 | Vaults:3 | Found Cepli's Weapon Boutique.
 53205 | Vaults:3 | Reached skill level 15 in Axes
 53634 | Vaults:3 | Received a gift from Okawaru
 53976 | Vaults:3 | Found Mutiur's Armour Shoppe.
 53981 | Vaults:3 | Bought the +2 hat of the Bear Spirit {Spirit, +Rage rN+
                  | MR++} for 625 gold pieces
 53981 | Vaults:3 | Found the +2 hat of the Bear Spirit {Spirit, +Rage rN+
                  | MR++}
 54204 | Vaults:3 | Noticed Mennas
 54301 | Vaults:3 | Killed Mennas
 54301 | Vaults:3 | Reached skill level 17 in Fighting
 54301 | Vaults:3 | Reached XP level 20. HP: 100/218 MP: 12/32
 54595 | Vaults:3 | Received a gift from Okawaru
 54620 | Vaults:4 | Reached skill level 1 in Evocations
 54848 | Vaults:4 | HP: 2/218 [ettin/+0 dire flail (25)]
 54853 | Vaults:3 | HP: 5/218 [ettin/+0 dire flail (28)]
 55627 | Vaults:4 | Received a gift from Okawaru
 55792 | Vaults:4 | Received a gift from Okawaru
 56340 | Vaults:4 | Gained mutation: You have a pair of horns on your head.
                  | [evolution]
 56359 | Vaults:4 | Received a gift from Okawaru
 56711 | Vaults:4 | Received a gift from Okawaru
 56755 | Vaults:4 | Received a gift from Okawaru
 57598 | Elf:1    | Entered Level 1 of the Elven Halls
 57619 | Orc:2    | Received a gift from Okawaru
 58027 | Elf:1    | Received a gift from Okawaru
 58551 | Elf:1    | Found Wocoimal's Food Shop.
 58784 | Elf:1    | Identified Sif Muna's Guide on Arcane Weapons and
                  | Companions
 58898 | Elf:2    | Found a roughly hewn altar of Beogh.
 58914 | Elf:2    | Reached XP level 21. HP: 162/227 MP: 22/33
 59187 | Elf:2    | Found a runed translucent gate.
 59187 | Elf:2    | Found a runed translucent gate.
 59187 | Elf:2    | Noticed Nikola
 59188 | Elf:2    | Found a runed translucent gate.
 59211 | Elf:2    | Killed Nikola
 59211 | Elf:2    | Received a gift from Okawaru
 59682 | Elf:2    | Received a gift from Okawaru
 60608 | Elf:2    | Cast into level 2 of the Abyss (+4 short sword of
                  | distortion)
 61033 | Abyss:2  | Received a gift from Okawaru
 61033 | Abyss:2  | Reached skill level 15 in Throwing
 61085 | Elf:2    | Escaped the Abyss
 61254 | Elf:2    | Gained mutation: You tend to lose your temper in combat.
                  | [evolution]
 61434 | Elf:3    | Entered Level 3 of the Elven Halls
 61483 | Elf:3    | Reached skill level 5 in Evocations
 62421 | Elf:3    | Received a gift from Okawaru
 62421 | Elf:3    | Reached skill level 15 in Armour
 62431 | Elf:3    | Received a gift from Okawaru
 62471 | Elf:3    | Reached XP level 22. HP: 209/236 MP: 28/34
 62924 | Elf:3    | Identified the cursed +1 long sword "Lousaerr" {slice,
                  | Int+4}
 63028 | Elf:3    | Found the +8 frozen axe "Frostbite" {freezing cloud, *Noise
                  | +Fly rC+}
 63035 | Elf:3    | Found the +3 giant club "Skullcrusher" {speed, Str+7}
 63371 | Elf:3    | Identified the Tome of Flames
 63579 | Elf:3    | Identified a scroll of acquirement
 63627 | Elf:3    | Identified the +0 hat of Hedging {+Inv rC+ Dex+3} (Okawaru
                  | gifted it to you on level 3 of the Elven Halls)
 63925 | Shoals:1 | Entered Level 1 of the Shoals
 63925 | Shoals:1 | Noticed Donald
 63935 | Shoals:1 | Killed Donald
 63947 | Shoals:1 | You fall into a shaft and drop 1 floor!
 63967 | Shoals:2 | Noticed Polyphemus
 63984 | Shoals:2 | Killed Polyphemus
 64486 | Shoals:1 | Found Fyupriti's Distillery.
 64516 | Shoals:1 | Bought a potion of heal wounds for 85 gold pieces
 64516 | Shoals:1 | Bought a potion of cancellation for 136 gold pieces
 64516 | Shoals:1 | Bought 2 potions of haste for 340 gold pieces
 65510 | Shoals:3 | Found a frozen archway.
 65647 | IceCv    | Entered an ice cave
 66308 | IceCv    | Received a gift from Okawaru
 66665 | IceCv    | Identified Sif Muna's Volume of Poisonous Battle Magic
 66671 | IceCv    | Got a crude ivory ring
 66672 | IceCv    | Identified the ring of Megalomania {-Tele rC+ rN+ MR+} (You
                  | found it in an ice cave)
 66679 | IceCv    | Identified the cursed +0 hat of Contentment {-Cast rN+
                  | Stlth+} (You found it in an ice cave)
 67426 | Shoals:4 | Entered Level 4 of the Shoals
 68177 | Shoals:4 | Identified the +0 ring mail of the Tarantula {+Blink rPois
                  | rF- MR++}
 69173 | Shoals:4 | Gained mutation: Your mind is very acute. (Int +4)
                  | [evolution]
 69341 | Shoals:4 | Got a barnacled rune of Zot
 69422 | Shoals:4 | Identified the Tome of Glacial Dark Rituals
 69867 | Crypt:1  | Entered Level 1 of the Crypt
 70108 | Orc:2    | Bought the Volume of Good Luck and Black Secrets for 1054
                  | gold pieces
 70108 | Orc:2    | Bought a book of Necromancy for 480 gold pieces
 70111 | Orc:2    | Learned a level 2 spell: Song of Slaying
 70382 | Crypt:1  | Reached skill level 1 in Charms
 70382 | Crypt:1  | Reached XP level 23. HP: 180/245 MP: 25/35
 70751 | Crypt:1  | Received a gift from Okawaru
 70922 | Crypt:1  | Received a gift from Okawaru
 71181 | Crypt:1  | Reached skill level 5 in Charms
 71843 | Crypt:2  | Found an ancient bone altar of Kikubaaqudgha.
 72499 | Crypt:2  | Received a gift from Okawaru
 72500 | Crypt:2  | Found the +2 robe of Vines {NoPotionHeal Regen+7}
 73543 | Crypt:3  | Entered Level 3 of the Crypt
 73583 | Crypt:3  | Reached skill level 18 in Fighting
 74414 | Crypt:3  | Noticed Saint Roka
 74912 | Crypt:3  | Killed Saint Roka
 75154 | Crypt:3  | Found a runed translucent door.
 75154 | Crypt:3  | Noticed Funu's ghost (adept GrFi)
 75524 | Crypt:3  | Noticed a greater mummy
 75534 | Crypt:3  | Killed a greater mummy
 75534 | Crypt:3  | Reached skill level 19 in Fighting
 75653 | Crypt:3  | Noticed an ancient lich
 75669 | Crypt:3  | Killed an ancient lich
 75669 | Crypt:3  | Received a gift from Okawaru
 75669 | Crypt:3  | Reached XP level 24. HP: 118/254 MP: 21/35
 75938 | Crypt:3  | Identified the +5 falchion "Zinaac" {flame, rElec rPois}
 75938 | Crypt:3  | Identified the +2 leather armour of Least Resistance {Int+3
                  | Dex+3 Stlth+}
 75938 | Crypt:3  | Noticed Khufu
 75941 | Crypt:3  | Noticed a greater mummy
 75952 | Crypt:3  | HP: 15/376 [???[Khufu] (7)]
 75954 | Crypt:3  | Noticed a greater mummy
 75956 | Crypt:3  | Killed Khufu
 75956 | Crypt:3  | HP: 7/376 [poisoned by an emperor scorpion]
 75959 | Crypt:3  | HP: 3/376 [poisoned by an emperor scorpion]
 75960 | Crypt:3  | Killed a greater mummy
 75962 | Crypt:3  | Slain by a guardian mummy

Levels and vault maps discovered:
D:1:      zaba_arrival_water, layout_basic, serial_corexii_hall,
          corexii_hall_statues_s, chequers_hall_statues_wall_a,
          hangedman_decor_riveting
D:2:      layout_loops_ring, lemuel_crystal_altar, kennysheep_cross_bottleneck,
          minmay_3d_cube
D:3:      layout_basic, uniq_terence
D:4:      layout_loops_ring, marbit_many_paths, overflow_temple_1_default,
          first_ration, minmay_door_square, grunt_ministairs_7, uniq_sigmund,
          uniq_menkaure
D:5:      layout_basic
D:6:      layout_basic, minmay_temple_entry_overgrown, minmay_fountain_box,
          uniq_duvessa, uniq_pikel, uniq_blork_the_orc
D:7:      layout_basic, grunt_livestock
D:8:      layout_gridville, lemuel_coloured_pillars_altar,
          gammafunk_temple_overflow_claw
D:9:      layout_rooms, gammafunk_ghost_necromancy, minmay_misc_feat_cross,
          makhleb_blood_cavern_becter
D:10:     layout_irregular_city, minmay_lair_entry_grove, uniq_maurice,
          uniq_erolcha
D:11:     layout_loops_ring, orc_0_dummy
D:12:     layout_loops_ring, minmay_misc_feat_diagonals, minmay_misc_feat_roman,
          uniq_azrael
D:13:     layout_roguey, erik_vaults_1
D:14:     layout_loops_ring, kennysheep_flooded_box,
          chequers_serial_rivers_micro_d, disabler_island
D:15:     hangedman_depths_entry_try_elsewhere_first, layout_basic,
          chequers_garden, grunt_decor_clamped, minmay_mirror_moons_of_madness,
          uniq_nessos, uniq_rupert
Temple:   regret_index_temple_generic_petals
Lair:1:   layout_chaotic_city
Lair:2:   layout_regular_city, elwin_shoals_entry_rooms,
          guppyfry_snake_entry_island
Lair:3:   layout_chaotic_city, grunt_megastairs_4
Lair:4:   layout_regular_city, kennysheep_abandoned_house, serial_bayou_shore_b
Lair:5:   layout_gridlike, ebering_ghost_reflecting_pool
Lair:6:   minmay_lair_end_enchanted_forest, layout_cave_shapes,
          minmay_slime_entry_oklob_open, gammafunk_ghost_ooze,
          infiniplex_staircase_pool
Shoals:1: layout_shoals, serial_shops, nicolae_shop_trees, uniq_donald
Shoals:2: layout_shoals, nicolae_shoals_dead_sea_scrolls, uniq_polyphemus
Shoals:3: layout_shoals, portal_ice_cave_entry_ugly_swarm
Shoals:4: shoals_end_simple, layout_shoals
Snake:1:  layout_layer_cave, nicolae_snake_lava_pool, uniq_louise
Snake:2:  layout_cave_shapes, serial_shops, shop, uniq_aizul
Snake:3:  layout_gridlike, nicolae_snake_shapes
Snake:4:  minmay_snake_end_coiled, layout_rooms
Orc:1:    layout_caves, basic_altar, uniq_jorgrun
Orc:2:    grunt_orc_cross, layout_diamond_mine
Elf:1:    minmay_elf_arrival_summoners, layout_geoelf_grid, serial_shops, shop,
          minmay_elf_sorcery
Elf:2:    layout_loops_ring, special_room [special_room_orc], uniq_nikola
Elf:3:    minmay_elf_hall_spiked, layout_geoelf_castle
Vaults:1: vaults_standard_mumra_lines, vaults_room_pools,
          nicolae_vaults_border_crossing, nicolae_vaults_little_squares_2,
          nicolae_vaults_windows_and_doors_thing,
          hangedman_vaults_corner_blocks, nicolae_vaults_asterisk,
          vaults_room_hallway, ontoclasm_vaults_shout, vaults_standard_mumra_x,
          v_misc_32, vaults_dpeg_encased_lava, layout_vaults_big_room
Vaults:2: hangedman_vaults_stretched_pinwheel, ontoclasm_vaults_chip,
          ontoclasm_vaults_ring_small, hangedman_vaults_snaps,
          hangedman_vaults_stitches, blue_anna_dwarven_crypt,
          ontoclasm_vaults_claustrophobia, v_misc_17,
          nicolae_vaults_big_angled_halls, vaults_dpeg_ring, v_pattern_5,
          dpeg_vaults_monster_row, layout_vaults_maze_snakey
Vaults:3: hangedman_vaults_locks, v_misc_9, v_pattern_3,
          nicolae_vaults_alarming, grunt_vaults_funnel, v_misc_9,
          nicolae_vaults_hallways_thing, vaults_dpeg_hooks, v_misc_13,
          hangedman_vaults_corner_blocks, layout_vaults_omnibox, serial_shops,
          shop, nicolae_shop_statue_plus, shop, uniq_jory, uniq_mennas
Vaults:4: hangedman_vaults_river_flow, vaults_room_guarded_vault,
          vaults_room_octagon, v_rooms_6, v_misc_10, v_misc_19, v_rooms_3,
          grunt_vaults_hallway_short, layout_vaults_omnicross
Crypt:1:  layout_gridlike
Crypt:2:  layout_basic, basic_altar
Crypt:3:  due_elkab, layout_chaotic_city, nicolae_tomb_entry_rubble_hallway,
          gammafunk_ghost_grave, uniq_mara, uniq_saint_roka, uniq_khufu

Skill      XL: |  1  2  3  4  5  6  7  8  9 10 11 12 13 14 15 16 17 18 19 20 21 22 23 24 |
---------------+-------------------------------------------------------------------------+-----
Conjurations   | 1 2 3 4 5 6 |  6.6
Spellcasting   | 4 5 6 |  6.2
Fighting       | 1 2 3 4 5 6 7 8 9 11 12 13 15 17 19 | 19.7
Summonings     | 1 2 |  2.0
Translocations | 1 2 |  2.0
Maces & Flails | 1 2 3 6 8 |  8.2
Throwing       | 1 2 3 5 6 7 9 10 12 13 14 15 16 | 16.0
Fire Magic     | 1 2 3 4 |  4.3
Air Magic      | 1 |  1.7
Poison Magic   | 1 |  1.1
Shields        | 1 5 7 8 10 11 13 | 13.0
Armour         | 1 3 5 6 7 8 9 10 11 12 13 14 15 17 18 | 18.1
Invocations    | 2 3 4 5 6 7 |  7.1
Axes           | 4 6 8 10 11 12 13 15 16 17 | 17.3
Evocations     | 3 5 |  5.0
Charms         | 1 8 |  8.3
Dodging        | |  1.7
Stealth        | |  1.4

Action                   |  1- 3 |  4- 6 |  7- 9 | 10-12 | 13-15 | 16-18 | 19-21 | 22-24 || total
-------------------------+-------+-------+-------+-------+-------+-------+-------+-------++-------
Melee: Club              |    47 |    84 |       |       |       |       |       |       ||   131
       Headbutt          |       |     9 |    17 |   209 |   388 |   359 |   325 |   355 ||  1662
       Flail             |       |    27 |    42 |       |       |       |       |       ||    69
       Mace              |       |       |   107 |   884 |       |       |       |       ||   991
       Punch             |       |       |       |     2 |       |       |       |       ||     2
       Hand axe          |       |       |       |   367 |  2038 |   973 |       |       ||  3378
       Scimitar          |       |       |       |       |    20 |       |       |       ||    20
       Broad axe         |       |       |       |       |       |   632 |  1662 |  1473 ||  3767
Throw: Dart              |    13 |    25 |    13 |    19 |    43 |    27 |     9 |    25 ||   174
       Stone             |       |    48 |    19 |     3 |       |       |       |       ||    70
       Boomerang         |       |       |     5 |    55 |    37 |       |       |       ||    97
       Javelin           |       |       |       |     6 |    38 |    82 |    76 |   207 ||   409
       Large rock        |       |       |       |       |    39 |   250 |    12 |       ||   301
       Throwing net      |       |       |       |       |       |     1 |     1 |     1 ||     3
 Cast: Magic Dart        |    70 |    81 |   194 |    72 |       |       |       |       ||   417
       Call Imp          |     2 |     5 |     4 |     2 |       |       |       |       ||    13
       Conjure Flame     |       |     5 |    13 |     1 |       |       |       |       ||    19
       Mephitic Cloud    |       |       |     2 |     1 |       |       |       |       ||     3
       Blink             |       |       |     1 |     1 |       |       |       |       ||     2
       Song of Slaying   |       |       |       |       |       |       |       |    19 ||    19
Invok: Heroism           |       |       |     3 |    21 |    22 |    11 |     9 |    13 ||    79
       Finesse           |       |       |       |     1 |     6 |     4 |     6 |     4 ||    21
Evoke: Wand              |     1 |     2 |    12 |     3 |    14 |     4 |     3 |       ||    39
       Phantom mirror    |       |       |       |       |       |       |     1 |     1 ||     2
  Use: Potion            |     2 |     1 |     1 |     3 |     5 |       |     6 |     1 ||    19
       Scroll            |       |       |    11 |    12 |    11 |     8 |     8 |    15 ||    65
 Stab: Paralysed         |     5 |     2 |       |       |     6 |       |       |       ||    13
       Sleeping          |     2 |       |       |       |       |       |       |       ||     2
       Invisible         |       |       |       |     1 |       |       |       |       ||     1
       Distracted        |       |       |       |       |       |       |     5 |       ||     5
       Confused          |       |       |       |       |       |       |     1 |       ||     1
       Held in net/web   |       |       |       |       |       |       |       |     1 ||     1
  Eat: Chunk             |     3 |     9 |    11 |    27 |    46 |    20 |    35 |    18 ||   169
       Ration            |       |     1 |     1 |     2 |     3 |     8 |     2 |     8 ||    25
Armor: Robe              |    14 |    39 |    11 |       |       |       |       |       ||    64
       Pearl dragon scal |       |       |    83 |   582 |    75 |       |       |       ||   740
       Gold dragon scale |       |       |       |       |   613 |   553 |   537 |   671 ||  2374
Dodge: Dodged            |    44 |    72 |   112 |   434 |   202 |   161 |   194 |   193 ||  1412
Block: Large shield      |       |       |       |   746 |  1508 |  1484 |  1182 |  1246 ||  6166
       Reflection        |       |       |       |       |       |       |    52 |    79 ||   131

Table legend:
 A = Non-vault XP
 B = Vault XP
 C = Vault XP percentage of total XP
 D = Non-vault monster count
 E = Vault monster count
 F = Vault count percentage of total count
                 A         B        C        D         E       F
            +---------+---------+-------+---------+---------+-------
      Total |  485821 |  369342 |  43.2 |    1241 |     641 |  34.1
            +---------+---------+-------+---------+---------+-------
        D:1 |      38 |       0 |   0.0 |      22 |       0 |   0.0
        D:2 |      94 |       2 |   2.1 |      23 |       2 |   8.0
        D:3 |      88 |      30 |  25.4 |      19 |       1 |   5.0
        D:4 |     625 |     348 |  35.8 |      16 |       4 |  20.0
        D:5 |     542 |       0 |   0.0 |      11 |       0 |   0.0
        D:6 |     341 |     825 |  70.8 |      12 |       4 |  25.0
        D:7 |     962 |     962 |  50.0 |      32 |       5 |  13.5
        D:8 |    1098 |       0 |   0.0 |      16 |       0 |   0.0
        D:9 |    3036 |     760 |  20.0 |      26 |       6 |  18.8
       D:10 |    2995 |    2702 |  47.4 |      41 |      10 |  19.6
       D:11 |    6147 |       0 |   0.0 |      58 |       0 |   0.0
       D:12 |    6594 |    2333 |  26.1 |      41 |       8 |  16.3
       D:13 |    9963 |    1808 |  15.4 |      49 |       2 |   3.9
       D:14 |    4346 |       0 |   0.0 |      25 |       0 |   0.0
       D:15 |   12249 |   10089 |  45.2 |      32 |      13 |  28.9
     Lair:1 |    2316 |       0 |   0.0 |      14 |       0 |   0.0
     Lair:2 |    1380 |     762 |  35.6 |       5 |       3 |  37.5
     Lair:3 |    3305 |     112 |   3.3 |      14 |       1 |   6.7
     Lair:4 |    1679 |    1242 |  42.5 |      11 |      19 |  63.3
     Lair:5 |    6685 |       0 |   0.0 |      15 |       0 |   0.0
     Lair:6 |   15498 |   13767 |  47.0 |      37 |      55 |  59.8
   Shoals:1 |    6284 |    1055 |  14.4 |      12 |       1 |   7.7
   Shoals:2 |    5526 |    4854 |  46.8 |       9 |       4 |  30.8
   Shoals:3 |    8001 |    5256 |  39.6 |      20 |       8 |  28.6
   Shoals:4 |   21992 |   22743 |  50.8 |      45 |      37 |  45.1
    Snake:1 |   24561 |    4661 |  16.0 |      45 |       9 |  16.7
    Snake:2 |   13133 |       0 |   0.0 |      21 |       0 |   0.0
    Snake:3 |   21274 |    3861 |  15.4 |      41 |       8 |  16.3
    Snake:4 |   14351 |   23830 |  62.4 |      30 |      44 |  59.5
      Orc:1 |    4406 |    3096 |  41.3 |      33 |       1 |   2.9
      Orc:2 |    6932 |    8178 |  54.1 |      54 |      32 |  37.2
      Elf:1 |    8817 |   11393 |  56.4 |      15 |      18 |  54.5
      Elf:2 |    6798 |   38083 |  84.9 |      13 |      57 |  81.4
      Elf:3 |   17245 |   46519 |  73.0 |      25 |      33 |  56.9
   Vaults:1 |   27021 |   34350 |  56.0 |      56 |      45 |  44.6
   Vaults:2 |   25522 |   28082 |  52.4 |      36 |      42 |  53.8
   Vaults:3 |   13866 |   32007 |  69.8 |      30 |      35 |  53.8
   Vaults:4 |   44634 |   16308 |  26.8 |      56 |      22 |  28.2
    Crypt:1 |   31294 |       0 |   0.0 |      44 |       0 |   0.0
    Crypt:2 |   42363 |     174 |   0.4 |      54 |       1 |   1.8
    Crypt:3 |   40161 |   38608 |  49.0 |      46 |      52 |  53.1
    Abyss:2 |   21659 |       0 |   0.0 |      37 |       0 |   0.0
      IceCv |       0 |   10542 | 100.0 |       0 |      59 | 100.0
            +---------+---------+-------+---------+---------+-------
